 Dungeon Crawl Stone Soup version 0.30-a0-743-gbfdf073431 (webtiles) character file.

Game seed: 13317679190740757445

3058 bande the Cleaver (level 9, -8/55 HPs)
             Began as a Gargoyle Fighter on Feb 7, 2023.
             Was a Believer of Okawaru.
             Mangled by a yak (12 damage)
             ... on level 8 of the Dungeon.
             The game lasted 00:12:17 (8722 turns).

bande the Cleaver (Gargoyle Fighter)                Turns: 8722, Time: 00:12:17

Health: -8/55      AC: 23    Str: 18    XL:     9   Next: 87%
Magic:  11/11      EV:  5    Int: 14    God:    Okawaru [**....]
Gold:   390        SH:  5    Dex: 12    Spells: 8/8 levels left

rFire   . . .      SeeInvis .    a - +0 war axe
rCold   . . .      Faith    .    c - +0 buckler
rNeg    + . .      Spirit   .    g - +0 plate armour
rPois   ∞          Reflect  .    (no helmet)
rElec   +          Harm     .    w - +0 cloak
rCorr   .          Rampage  .    h - +1 pair of gloves
Will    +....                    (no boots) Stlth
                                 (no amulet)
HPRegen 0.29/turn                i - ring of willpower
MPRegen 0.12/turn                (no ring)

@: weak-willed
A: sickness immunity, AC +6, negative energy resistance 1, electricity
resistance, torment resistance 1, petrification resistance, hooves 1, clever 1,
strong-willed 1
a: Renounce Religion, Heroism


You were on level 8 of the Dungeon.
You worshipped Okawaru.
Okawaru was pleased with you.
You visited 2 branches of the dungeon, and saw 9 of its levels.
You also visited: Sewer.

You collected 390 gold pieces.

Inventory:

Hand Weapons
 a - a +0 war axe (weapon)
 u - a +1 flail of draining
Missiles
 y - a throwing net (quivered)
Armour
 b - a +0 chain mail of fire resistance
 c - a +0 buckler (worn)
 g - a +0 plate armour (worn)
 h - a +1 pair of gloves (worn)
 q - a scarf of invisibility
 w - a +0 cloak (worn)
Jewellery
 i - a ring of willpower (left hand)
 j - an amulet of the acrobat
Wands
 d - a wand of flame (8)
 k - a wand of digging (8)
 m - a wand of quicksilver (14)
 s - a wand of paralysis (8)
Scrolls
 e - 3 scrolls of teleportation
 p - 4 scrolls of identify
Potions
 f - 4 potions of curing
 l - 3 potions of resistance
 n - a potion of might
 o - a potion of cancellation
 r - a potion of berserk rage
 t - a potion of invisibility
 v - 2 potions of brilliance
 x - 2 potions of ambrosia


   Skills:
 + Level 6.0 Fighting
 + Level 8.1 Axes
 + Level 6.7 Armour
 + Level 5.3 Shields
 * Level 3.9 Invocations
 * Level 4.5 Evocations


You had 8 spell levels left.
You didn't know any spells.
Your spell library contained the following spells:

 Spells                   Type           Power      Damage    Failure   Level
 Magic Dart               Conj           0%         1d3       100%        1
 Mephitic Cloud           Conj/Pois/Air  0%         N/A       100%        3
 Call Imp                 Summ           Unusable   N/A       N/A         2

Dungeon Overview and Level Annotations

Branches:
Dungeon (8/15)             Temple (1/1) D:5           Sewer (visited)
   Lair: D:8-11

Altars:
Cheibriados
Elyvilon
Fedhas
Gozag
Hepliaklqana
Makhleb
Nemelex Xobeh
Okawaru
Qazlal
Ru
Sif Muna
Trog
Uskayaw
Vehumet
Wu Jian
Xom
Yredelemnul
Zin
The Shining One

Shops:
D:1 ?   D:5 (


Innate Abilities, Weirdness & Mutations

You are immune to sickness and miasma.
Your stone body is resilient. (AC +6)
You are immune to poison.
You resist negative energy. (rN+)
You are resistant to electric shocks. (rElec)
You are resistant to unholy torment.
You are immune to petrification.
You have large cloven feet.
Your mind is acute. (Int +4, Str/Dex -1)
You are strong-willed. (Will+)


Message History

You closely miss the yak.
The yak is heavily wounded.
You hit the yak. x2; The yak gores you.
The yak gores you but does no damage. x3
You block the yak's attack. The yak gores you.
You barely miss the yak. Your kick misses the yak.
The yak is heavily wounded.
You hit the yak but do no damage. x2; You hit the yak.
The yak gores you.
The yak gores you but does no damage. x2; The yak barely misses you.
You barely miss the yak. You kick the yak.
The yak is heavily wounded.
You hit the yak but do no damage. You barely miss the yak.
You hit the yak but do no damage. The yak gores you but does no damage.
You block the yak's attack. x2; The yak gores you but does no damage.
You slash the yak! Your kick misses the yak.
The yak is severely wounded.
You hit the yak. You closely miss the yak. You slash the yak!
The yak gores you. The yak gores you but does no damage. The yak gores you!
You block the yak's attack.
You are too injured to fight recklessly!
You are too injured to fight recklessly!
You are too injured to fight recklessly!
You are too injured to fight recklessly!
You are too injured to fight recklessly!
You are too injured to fight recklessly!
You are too injured to fight recklessly!
You are too injured to fight recklessly!
You completely miss the yak. You kick the yak.
The yak is lightly wounded.
You hit the yak. x2; You closely miss the yak.
The yak gores you.
* * * LOW HITPOINT WARNING * * *
The yak gores you!
* * * LOW HITPOINT WARNING * * *
The yak gores you.
* * * LOW HITPOINT WARNING * * *
The yak gores you but does no damage.
You hit the yak.
The yak is lightly wounded.
You completely miss the yak. You slash the yak! You barely miss the yak.
The yak gores you!
You die...

#....#### #........
#........ ......
#........ ..._..
..$......
......#########Y.......
..............#YY......
..............Y@YY.#
..............##+###
..............#
.......<......+ .###
..............##....#
#####........)...#..
#.............#
#.........#.#....
#########...# #.#


You could see 6 yaks.

Vanquished Creatures
  A wyvern (D:7)
  Menkaure (D:4)
  Edmund (D:4)
  2 water moccasins (D:6)
  A sky beast (D:6)
  3 ice beasts
  2 ogres (D:7)
  A black bear (D:4)
  A phantom (D:3)
  4 kobold brigands
  2 bullfrogs
  2 scorpions
  2 necrophages
  5 wights
  4 crimson imps (D:5)
  Crazy Yiuf (D:4)
  5 hounds
  A jelly (D:7)
  An iguana (D:7)
  5 orc wizards
  4 gnolls (D:2)
  16 adders
  4 river rats
  A shadow imp (D:5)
  A white imp (D:6)
  An ufetubus (D:5)
  3 worms
  A dart slug (D:3)
  6 orcs
  5 ball pythons
  14 endoplasms
  4 giant cockroaches
  6 goblins
  9 hobgoblins
  8 jackals
  7 quokkas
  3 training dummies (D:5)
  5 bats
  2 frilled lizards
  19 kobolds
  12 rats
176 creatures vanquished.

Vanquished Creatures (others)
  3 fungi (D:4)
  2 plants (D:2)
5 creatures vanquished.

Grand Total: 181 creatures vanquished

Notes
Turn   | Place    | Note
-------+----------+-------------------------------------------
     0 | D:1      | bande the Gargoyle Fighter began the quest for the Orb.
     0 | D:1      | Reached XP level 1. HP: 14/14 MP: 1/1
   179 | D:1      | Reached XP level 2. HP: 19/19 MP: 2/2
   245 | D:1      | Found a faded altar of an unknown god.
   293 | D:1      | Reached skill level 2 in Axes
   362 | D:1      | Found Zaceis's Magic Scroll Emporium.
   670 | D:1      | Reached XP level 3. HP: 23/23 MP: 3/3
  1148 | D:2      | Reached skill level 3 in Axes
  1148 | D:2      | Reached XP level 4. HP: 8/29 MP: 4/4
  2157 | D:3      | Reached XP level 5. HP: 33/33 MP: 5/5
  2493 | D:3      | Noticed a phantom
  2510 | D:3      | Killed a phantom
  2511 | D:3      | Reached skill level 4 in Axes
  3026 | D:3      | Reached skill level 1 in Evocations
  3026 | D:3      | Reached XP level 6. HP: 38/38 MP: 6/6
  3539 | D:4      | Noticed Menkaure
  3547 | D:4      | Killed Menkaure
  3616 | D:4      | Reached XP level 7. HP: 38/44 MP: 7/7
  4018 | D:4      | Noticed Edmund
  4041 | D:4      | Killed Edmund
  4042 | D:4      | Reached skill level 5 in Axes
  4484 | D:4      | Reached skill level 5 in Armour
  4590 | D:4      | Found an opulent altar of Gozag.
  4878 | D:4      | Found a basalt altar of Yredelemnul.
  5078 | D:4      | Found a runed translucent door.
  5079 | D:4      | Noticed Crazy Yiuf
  5097 | D:4      | Gained mutation: You occasionally lose the ability to drink
                  | potions when taking damage. [potion of mutation]
  5097 | D:4      | Gained mutation: You are frail. (-10% HP) [potion of
                  | mutation]
  5097 | D:4      | Gained mutation: You have large cloven feet. [potion of
                  | mutation]
  5099 | D:4      | Killed Crazy Yiuf
  5224 | D:4      | Lost mutation: You are frail. (-10% HP) [potion of
                  | mutation]
  5224 | D:4      | Lost mutation: You occasionally lose the ability to drink
                  | potions when taking damage. [potion of mutation]
  5224 | D:4      | Gained mutation: Your mind is acute. (Int +4, Str/Dex -1)
                  | [potion of mutation]
  5224 | D:4      | Gained mutation: You are strong-willed. (Will+) [potion of
                  | mutation]
  5270 | D:5      | Entered Level 5 of the Dungeon
  5284 | D:5      | Found a white marble altar of Elyvilon.
  5323 | D:5      | Reached XP level 8. HP: 44/48 MP: 8/8
  5464 | D:5      | Found Xelas's Firing Range.
  5532 | D:5      | Found a staircase to the Ecumenical Temple.
  5543 | Temple   | Entered the Ecumenical Temple
  5558 | Temple   | Became a worshipper of Warmaster Okawaru
  5837 | D:5      | Found a shimmering altar of Xom.
  5868 | D:5      | Reached skill level 6 in Axes
  5871 | D:5      | Reached skill level 5 in Fighting
  5936 | D:6      | Reached skill level 1 in Invocations
  6144 | D:6      | Found a glowing drain.
  6177 | Sewer    | Entered a sewer
  6423 | Sewer    | Reached * piety under Okawaru
  6424 | Sewer    | Reached XP level 9. HP: 51/54 MP: 10/10
  7316 | D:6      | Reached skill level 7 in Axes
  7659 | D:7      | Reached skill level 5 in Shields
  7720 | D:7      | Found an ornate altar of the Wu Jian Council.
  7721 | D:7      | Found a radiant altar of Vehumet.
  7838 | D:7      | Reached ** piety under Okawaru
  8522 | D:8      | Found a bloodstained altar of Trog.
  8550 | D:7      | Reached skill level 8 in Axes
  8722 | D:8      | Mangled by a yak

Illustrated notes

Levels and vault maps discovered:
D:1:      minmay_arrival_checkered_box, layout_basic,
          ebering_ecumenical_altar_abandoned, serial_shops,
          nicolae_shop_behind_doors, serial_co_window_serial, co_window_paths_b,
          co_window_paths_a, co_window_paths_b, co_window_corner_a,
          co_window_of_opportunity_a, co_window_cross_3, co_window_corner_ca,
          co_window_paths_c, glass_columns_a, glass_columns_c
D:2:      layout_loops_cross, serial_forest, infiniplex_forest_clump_double,
          infiniplex_forest_clump_small, infiniplex_forest_end_1,
          infiniplex_forest_straight_2, infiniplex_forest_clump_long,
          infiniplex_forest_clump_medium, infiniplex_forest_end_2,
          infiniplex_forest_clump_medium
D:3:      layout_loops_corners, kennysheep_path_1
D:4:      layout_basic, mainiacjoe_overflow_24_doors,
          mainiacjoe_overflow_boulevard, nicolae_titane, uniq_menkaure,
          uniq_crazy_yiuf_cottage, uniq_edmund
D:5:      layout_cave_pools, led_xom_imps, lemuel_doored_altar, temple_statues,
          nicolae_shop_firing_range
D:6:      layout_loops_ring, gup_sewer_entry_bubbles
D:7:      layout_loops_corners, gammafunk_temple_overflow_pools, moated_statue,
          minmay_misc_feat_encased, minmay_crystal_room
D:8:      layout_basic, mainiacjoe_overflow_catwalk_spiral, bloody_trog
Temple:   nicolae_temple_ecumenical_triangle

Skill      XL: |  1  2  3  4  5  6  7  8  9 |
---------------+----------------------------+-----
Axes           | 2 3 4 5 6 8 |  8.1
Fighting       | 4 5 6 |  6.0
Armour         | 4 5 6 |  6.7
Evocations     | 1 2 3 4 |  4.5
Shields        | 4 5 |  5.3
Invocations    | 2 3 |  3.9

Action                     |  1- 3 |  4- 6 |  7- 9 || total
---------------------------+-------+-------+-------++-------
  Melee: War axe           |    85 |   135 |   516 ||   736
         Kick              |       |       |    97 ||    97
    Use: Potion            |       |       |     4 ||     4
         Scroll            |       |       |    20 ||    20
 Armour: Scale mail        |    27 |       |       ||    27
         Plate armour      |    62 |    93 |   438 ||   593
  Dodge: Dodged            |    37 |    33 |   134 ||   204
  Block: Buckler           |    24 |    30 |   128 ||   182

Table legend: (Time is in decaauts)
 A = Elapsed time spent in this place.
 B = Non-inter-level travel time spent in this place.
 C = Inter-level travel time spent in this place.
 D = Time resting spent in this place.
 E = Time spent auto-exploring this place.
 F = Levels seen in this place.
 G = Mean time per level.
                   A        B        C        D        E       F      G
               +--------+--------+--------+--------+--------+-----+--------+
         Total |   9104 |   8893 |    211 |   1404 |   5717 |  10 |  910.4 |
       Dungeon |   8252 |   8041 |    211 |   1404 |   5162 |   8 | 1031.5 |
        Temple |     32 |     32 |      0 |      0 |      3 |   1 |   32.0 |
         Sewer |    820 |    820 |      0 |      0 |    551 |   1 |  820.0 |
               +--------+--------+--------+--------+--------+-----+--------+

Top non-repeatable levels by time:
     D:4: 1983 daAuts
     D:3: 1284 daAuts
     D:7: 1208 daAuts
     D:1: 1138 daAuts
     D:2: 975 daAuts
     D:6: 965 daAuts
   Sewer: 820 daAuts
     D:5: 621 daAuts
     D:8: 75 daAuts
  Temple: 32 daAuts
